 Dungeon Crawl Stone Soup version 0.26-a0-487-gbff1e92059 (webtiles) character file.

Game seed: 16450777791433910520

291 Infinimo the Firebug (level 6, -9/32 HPs)
             Began as a Tengu Fire Elementalist on Aug 1, 2020.
             Mangled by Menkaure (23 damage)
             ... on level 4 of the Dungeon.
             The game lasted 00:03:13 (4347 turns).

Infinimo the Firebug (Tengu Fire Elementalist)      Turns: 4347, Time: 00:03:13

Health: -9/32      AC:  3    Str: 14    XL:     6   Next: 32%
Magic:  6/11       EV: 15    Int: 18    God:
Gold:   180        SH:  0    Dex: 14    Spells: 10/11 levels left

rFire    . . .     SeeInvis .   s - +3 dagger (speed)
rCold    . . .     Faith    .   (no shield)
rNeg     . . .     Spirit   .   a - +0 robe
rPois    .         Reflect  .   (helmet restricted)
rElec    .         Harm     .   (no cloak)
rCorr    .                      k - +0 pair of gloves
MR       .....                  (boots unavailable)
Stlth    ++........             (no amulet)
HPRegen  0.10/turn              h - +6 ring of strength
MPRegen  0.12/turn              (no ring)

@: flying quickly and evasively, quick
A: beak, talons 3, able to fly
a: Stop Flying


You were on level 4 of the Dungeon.
You visited 1 branch of the dungeon, and saw 4 of its levels.

You collected 180 gold pieces.

Inventory:

Hand Weapons
 s - a +3 dagger of speed (weapon)
Armour
 a - a +0 robe (worn)
 k - a +0 pair of gloves (worn)
Jewellery
 h - a +6 ring of strength (left hand)
 t - an uncursed amulet of reflection {unknown}
Scrolls
 c - 3 scrolls of fear
 g - 2 scrolls of amnesia
 o - 5 scrolls of blinking
 q - 4 scrolls of teleportation
 u - a scroll of identify
Potions
 b - a potion of haste {unknown}
 d - a potion of brilliance {unknown}
 e - a potion of might
 f - a potion of berserk rage {unknown}
 i - a potion of heal wounds
 j - a potion of flight {unknown}
 l - 2 potions of cancellation
 m - a potion of magic {unknown}
 n - a potion of degeneration {unknown}
 p - 2 potions of stabbing {unknown}
 r - a potion of curing {unknown}


   Skills:
 - Level 2.1 Dodging
 - Level 2.0 Stealth
 + Level 3.0 Spellcasting
 * Level 5.3 Conjurations
 * Level 5.3 Fire Magic


You had 10 spell levels left.
You knew the following spells:

 Your Spells              Type           Power        Failure   Level
a - Foxfire               Conj/Fire      ###.         1%          1

Your spell library contained the following spells:

 Spells                   Type           Power        Failure   Level
 Conjure Flame            Conj/Fire      ###.....     5%          3
 Inner Flame              Hex/Fire       ##......     16%         3
 Sticky Flame             Conj/Fire      ###.....     19%         4
 Fireball                 Conj/Fire      ###.......   45%         5


Dungeon Overview and Level Annotations

Branches:
Dungeon (4/15)
 Temple: D:4-7

Altars:
Dithmenos
Hepliaklqana
Kikubaaqudgha
Zin

Shops:
D:3 *

Annotations:
D:4 Menkaure


Innate Abilities, Weirdness & Mutations

You have a beak for a mouth.
You have claws for feet.
You can fly continuously.


Message History

The foxfire hits the jackal but does no damage.
The jackal is severely wounded.
Casting: Foxfire (safe; 1% risk of failure)
Confirm with . or Enter, or press ? or * to list all spells.
You conjure some foxfire!
The foxfire hits the jackal.
The jackal is severely wounded.
The foxfire hits the jackal.
You kill the jackal!
Casting: Foxfire (safe; 1% risk of failure)
Confirm with . or Enter, or press ? or * to list all spells.
You conjure some foxfire!
Menkaure hits you!
Ouch! That really hurt!
The foxfire hits Menkaure.
Menkaure is burned terribly!
Menkaure is lightly damaged.
The foxfire hits Menkaure!
Menkaure is burned terribly!
Menkaure is heavily damaged.
The jackal bites you. Menkaure hits you!!
Ouch! That really hurt!
You die...

### #.. ##.# #..
#..#######.. #........##.
#.######.... ######
#........... ......#
#......###.. ......h##
#......# #..
......M@#####......###.#
...[....ยง......<........
........##........)####.
........#..........# #.
..>................# #.
.......#...........# ##
......###..........# #
###### ####.#.....#
#.##..#.##


You could see Menkaure and a jackal.

Vanquished Creatures
  Blork the orc (D:4)
  A scorpion (D:4)
  2 hound skeletons (D:4)
  7 adders
  An adder skeleton (D:4)
  A dart slug (D:1)
  4 leopard geckos
  An orc (D:3)
  A giant cockroach (D:3)
  7 goblins
  7 hobgoblins
  11 jackals
  12 kobolds
  2 quokkas
  7 bats
  10 frilled lizards
  6 rats
81 creatures vanquished.

Vanquished Creatures (others)
  280 foxfires
280 creatures vanquished.

Grand Total: 361 creatures vanquished

Notes
Turn   | Place    | Note
-------+----------+-------------------------------------------
     0 | D:1      | Infinimo the Tengu Fire Elementalist began the quest for
                  | the Orb.
     0 | D:1      | Reached XP level 1. HP: 10/10 MP: 4/4
   146 | D:1      | Reached XP level 2. HP: 15/15 MP: 0/6
   605 | D:1      | Reached XP level 3. HP: 19/19 MP: 2/7
  1946 | D:2      | Reached XP level 4. HP: 24/24 MP: 5/8
  2612 | D:2      | Noticed a shadow
  2613 | D:2      | Found a shadowy altar of Dithmenos.
  2620 | D:2      | Found a hazy altar of Hepliaklqana.
  2941 | D:3      | Found Zin's Purification Station.
  2941 | D:3      | Found a glowing silver altar of Zin.
  3119 | D:3      | Found an ancient bone altar of Kikubaaqudgha.
  3346 | D:3      | Gained mutation: You can fly continuously. [Tengu growth]
  3346 | D:3      | Reached XP level 5. HP: 28/28 MP: 9/9
  3904 | D:4      | Noticed Blork the orc
  3918 | D:4      | Killed Blork the orc
  3918 | D:4      | Reached skill level 5 in Conjurations
  3918 | D:4      | Reached skill level 5 in Fire Magic
  3918 | D:4      | Reached XP level 6. HP: 28/32 MP: 5/11
  4270 | D:4      | Noticed an eye of draining
  4337 | D:4      | Noticed Menkaure
  4347 | D:4      | Mangled by Menkaure

Illustrated notes

Levels and vault maps discovered:
D:1:      shiori_arrival_maze, layout_basic, minmay_pentomino_o4
D:2:      layout_loops_ring, riverfiend_overflow_shadow_ancestor
D:3:      layout_loops_cross, kiku_gazebo_garden_becter, zin_purify
D:4:      layout_rooms, trog_eyes_of_draining, uniq_blork_the_orc, uniq_menkaure

Skill      XL: |  1  2  3  4  5  6 |
---------------+-------------------+-----
Conjurations   | 2 3 4 5 |  5.3
Fire Magic     | 4 5 |  5.3
Spellcasting   | 3 |  3.0
Dodging        | |  2.1
Stealth        | |  2.0

Action                   |  1- 3 |  4- 6 || total
-------------------------+-------+-------++-------
Melee: Unarmed           |     2 |       ||     2
       Whip              |     5 |       ||     5
       Peck              |     1 |    12 ||    13
       Kick              |     1 |     5 ||     6
       Dagger            |       |    59 ||    59
 Cast: Foxfire           |   104 |    72 ||   176
 Abil: Fly               |       |     1 ||     1
  Use: Scroll            |       |    14 ||    14
 Stab: Sleeping          |     1 |     4 ||     5
Armor: Robe              |     4 |    14 ||    18
Dodge: Dodged            |    26 |    49 ||    75

Table legend: (Time is in decaauts)
 A = Elapsed time spent in this place.
 B = Non-inter-level travel time spent in this place.
 C = Inter-level travel time spent in this place.
 D = Time resting spent in this place.
 E = Time spent auto-exploring this place.
 F = Levels seen in this place.
 G = Mean time per level.
                   A        B        C        D        E       F      G
               +--------+--------+--------+--------+--------+-----+--------+
         Total |   4265 |   4155 |    110 |      0 |   3549 |   4 | 1066.2 |
       Dungeon |   4265 |   4155 |    110 |      0 |   3549 |   4 | 1066.2 |
               +--------+--------+--------+--------+--------+-----+--------+

Top non-repeatable levels by time:
     D:1: 1538 daAuts
     D:2: 1116 daAuts
     D:3: 1075 daAuts
     D:4: 534 daAuts
